 Dungeon Crawl Stone Soup version 0.26.1-2-gb8aa6d0cf2 (webtiles) character file.

Game seed: 3140650745675845700

32 H0rd4k the Charlatan (level 3, 0/26 HPs)
             Began as a Human Artificer on Feb 25, 2021.
             Slain by a quokka (2 damage)
             ... on level 2 of the Dungeon.
             The game lasted 00:01:29 (2362 turns).

H0rd4k the Charlatan (Human Artificer)              Turns: 2362, Time: 00:01:29

Health: 0/26       AC:  3    Str: 13    XL:     3   Next: 42%
Magic:  3/3        EV: 11    Int: 11    God:
Gold:   66         SH:  0    Dex: 13    Spells: 2/2 levels left

rFire    . . .     SeeInvis .   i - +0 dagger
rCold    . . .     Faith    .   (no shield)
rNeg     . . .     Spirit   .   b - +0 leather armour
rPois    .         Reflect  .   (no helmet)
rElec    .         Harm     .   (no cloak)
rCorr    .         Rampage  .   (no gloves)
Will     .....                  (no boots)
Stlth    +.........             (no amulet)
HPRegen  0.08/turn              (no ring)
MPRegen  0.08/turn              (no ring)

@: no status effects
A: no striking features
a: no special abilities


You were on level 2 of the Dungeon.
You visited 1 branch of the dungeon, and saw 2 of its levels.

You collected 66 gold pieces.

Inventory:

Hand Weapons
 i - a +0 dagger (weapon)
Armour
 b - a +0 leather armour (worn)
Wands
 c - a wand of flame (15) (quivered)
 d - a wand of enslavement (14)
 e - a wand of random effects (15)
Scrolls
 a - a scroll of teleportation {unknown}
 f - a scroll of identify {unknown}
 k - a scroll of fog {unknown}
 l - 2 scrolls of remove curse {unknown}
Potions
 g - 2 potions of curing {unknown}
 h - 4 potions of attraction {unknown}
 j - a potion of haste {unknown}
 m - a potion of ambrosia {unknown}


   Skills:
 + Level 1.2 Fighting
 + Level 0.6 Short Blades
 + Level 0.3 Maces & Flails
 + Level 2.2 Armour
 + Level 1.1 Dodging
 + Level 1.3 Stealth
 + Level 3.5 Evocations


You had 2 spell levels left.
You didn't know any spells.
Your spell library was empty.

Dungeon Overview and Level Annotations

Branches:
Dungeon (2/15)

Altars:


Message History

You hit the goblin.
You kill the goblin!
You closely miss the quokka. The quokka bites you.
You closely miss the quokka. The quokka closely misses you.
You hit the quokka but do no damage. The quokka closely misses you.
You closely miss the quokka. The quokka barely misses you.
The quokka misses you.
You closely miss the quokka. The quokka bites you.
* * * LOW HITPOINT WARNING * * *
You closely miss the quokka. The quokka bites you.
* * * LOW HITPOINT WARNING * * *
You barely miss the quokka. The quokka bites you.
* * * LOW HITPOINT WARNING * * *
You hit the quokka.
The quokka is lightly wounded.
The quokka bites you but does no damage.
You barely miss the quokka.
The quokka is lightly wounded.
The quokka bites you.
You die...

..#....#..##.# #.#
#....#.#.#...
.......#..##.# #.#
#....#.#.####
.......#..##.# #.#
#....#.#.....
.............# #.#
#....#.#..###
........##.### #.#
#....#....... ...####.##..#
#.# #....###....# ...#
#.###.## #(# #....# #.....
#### #.# #..# #(# #....#
#..... #.# ##.###@# #....#
#.....
#.####..##r####....###..#..
#..........#.......'.......
######.......##....####....
#.......#.........##'#
#.......#.............
#.......#########.#...
###........ #.#...
#####........... #.'...


You could see a quokka.

Vanquished Creatures
  An ooze (D:1)
  A dart slug (D:1)
  A leopard gecko (D:2)
  2 giant cockroaches (D:2)
  4 goblins
  5 hobgoblins
  A quokka (D:2)
  A bat (D:1)
  A frilled lizard (D:2)
  2 kobolds (D:1)
  2 rats
21 creatures vanquished.

Vanquished Creatures (collateral kills)
  A hobgoblin (D:1)
  A bat (D:1)
2 creatures vanquished.

Grand Total: 23 creatures vanquished

Notes
Turn   | Place    | Note
-------+----------+-------------------------------------------
     0 | D:1      | H0rd4k the Human Artificer began the quest for the Orb.
     0 | D:1      | Reached XP level 1. HP: 15/15 MP: 1/1
   115 | D:1      | Reached XP level 2. HP: 18/21 MP: 2/2
  1350 | D:1      | Reached XP level 3. HP: 16/26 MP: 3/3
  1652 | D:2      | Found a faded altar of an unknown god.
  2362 | D:2      | Slain by a quokka

Illustrated notes

Levels and vault maps discovered:
D:1:      giann_wishing_wells, layout_basic
D:2:      layout_basic, chequers_ecumenical_altar_twisty

Action                   || total
-------------------------++-------
Melee: Club              ||    44
       Dagger            ||   106
Evoke: Wand              ||     1
 Stab: Sleeping          ||     1
       Distracted        ||     1
Armor: Leather armour    ||    49
Dodge: Dodged            ||   101
